Rafales vs Atomiques

Created - 5 avril 2017 at 23:34

Goals
1 2 3 T
Rafales 0 3 2 5
Atomiques 0 3 1 4
Shots
1 2 3 T
Rafales 9 12 13 34
Atomiques 4 13 14 31

1st period

No Goal

Penalties :
Mikael Backlund (STB) for Tripping (Minor) at 14:56

2nd period

1. Atomiques , Mikael Backlund 37 (Dwight King) at 0:15
2. Atomiques , Andrew Kozek 13 (Marc-André Cliche, Davis Drewiske) at 10:42
3. Rafales , Mike Sislo 23 (Tim Crowder, Marc-André Gragnani) at 11:52
4. Rafales , Nathan Davis 24 (Michael Bournival, Jeff Skinner) at 15:47 (PP)
5. Rafales , Cody McLeod 51 (Mike Zigomanis) at 15:51
6. Atomiques , Dmitri Orlov 2 (Brett Sutter, John McCarthy) at 16:47

Penalties :
Milan Bartovic (Stf) for Roughing (Minor) at 1:48, Dwight King (STB) for Holding (Minor) at 8:34, Dmitri Orlov (STB) for Interference (Minor) at 14:37

3rd period

7. Rafales , Johan Ryno 14 (Cody McLeod, Mike Zigomanis) at 9:59
8. Atomiques , Mikael Backlund 38 (Shawn Belle) at 14:34
9. Rafales , Marc-André Gragnani 6 (Nathan Davis, Jeff Skinner) at 16:54 (PP)

Penalties :
Colby Cohen (STB) for Kneeing (Minor) at 3:20, Shawn Belle (STB) for Holding (Minor) at 10:04, Andrew Kozek (STB) for Hooking (Minor) at 16:19

Goalie Stats

John Gibson (Stf), 27 saves from 31 shots - (0,871), W, 27-18-6, 60:00 minutes
Sergei Bobrovsky (STB), 29 saves from 34 shots - (0,853), L, 27-26-6, 59:33 minutes

Players Stats for Rafales

Player Name              G  A  P  +/- PIM S  H  SB GA TA FO     MP     PP MP  PK MP  
------------------------------------------------------------------------------------
Cody McLeod              1  1  2   1  0   3  5  1  3  1  1/4    23:08   5:01   1:03 
Connor Murphy            0  0  0   1  0   0  0  0  0  0  0/0    10:10   0:00   0:00 
Dan Fritsche             0  0  0  -1  0   2  2  0  0  0  1/7    11:53   0:00   0:43 
Jeff Skinner             0  2  2  -1  0   1  1  0  0  2  0/0    17:57   4:40   0:44 
Johan Ryno               1  0  1   1  0   5  1  1  0  0  3/5    16:17   0:00   0:00 
Jonas Junland            0  0  0   1  0   0  1  0  0  0  0/0    12:58   2:48   0:00 
Jonathan Rheault         0  0  0   0  0   2  2  0  1  0  0/0     7:33   0:00   0:00 
Julian Melchiori         0  0  0  -3  0   1  1  1  0  1  0/0    29:33   6:53   1:15 
Kevin Veilleux           0  0  0   0  0   1  0  1  1  0  1/2     7:33   0:00   0:00 
Marc-André Gragnani      1  1  2   1  0   1  0  2  0  0  0/0    20:17   2:48   0:44 
Mark Fayne               0  0  0  -3  0   4  2  5  1  3  0/0    29:11   6:53   0:44 
Michael Bournival        0  1  1   0  0   3  2  0  1  0  0/0    13:22   4:40   0:24 
Mike Sislo               1  0  1  -1  0   3  1  3  0  0  0/0    11:28   0:00   0:00 
Mike Zigomanis           0  2  2   1  0   2  0  1  0  2  16/35  23:09   5:01   1:04 
Milan Bartovic           0  0  0  -1  2   3  2  0  0  0  0/0    12:25   0:00   0:00 
Nathan Davis             1  1  2  -1  0   3  4  0  0  0  9/16   17:13   4:40   0:00 
Tim Crowder              0  1  1  -1  0   0  3  0  0  0  2/2    16:02   5:01   0:00 
Willie Mitchell          0  0  0   1  0   0  3  4  2  0  0/0    17:51   0:00   1:15 

Players Stats for Atomiques

Player Name              G  A  P  +/- PIM S  H  SB GA TA FO     MP     PP MP  PK MP  
------------------------------------------------------------------------------------
Alex Berry               0  0  0   0  0   0  0  0  1  0  0/0    13:20   0:01   0:00 
Andrew Kozek             1  0  1   0  2   3  2  0  0  0  0/0    14:21   0:01   1:01 
Bobby Farnham            0  0  0   1  0   0  4  0  0  0  0/0     6:03   0:00   0:00 
Branko Radivojevic       0  0  0   1  0   0  4  0  1  1  8/14   23:08   1:03   6:08 
Brett Sutter             0  1  1   1  0   1  1  0  0  1  1/1     7:34   0:00   1:31 
Colby Cohen              0  0  0   1  2   1  0  1  0  2  0/0    18:26   0:38   0:00 
Davis Drewiske           0  1  1   1  0   2  3  6  1  2  0/0    32:03   1:21   6:27 
Dmitri Orlov             1  0  1  -1  2   1  1  1  0  0  0/0    18:12   0:00   4:21 
Dwight King              0  1  1   1  2   3  2  0  3  1  0/1    18:17   1:03   1:59 
John McCarthy            0  1  1   1  0   0  0  0  1  0  0/0     6:03   0:00   0:00 
Kenndal McArdle          0  0  0  -1  0   0  1  0  0  1  0/1    14:26   0:55   0:38 
Kyle Wharton             0  0  0   0  0   2  0  0  0  0  0/0     3:29   0:00   0:00 
Marc-André Cliche        0  1  1   0  0   1  3  1  0  0  5/8    13:38   0:01   0:18 
Mikael Backlund          2  0  2   1  2   6  2  1  0  0  16/29  22:16   1:03   5:10 
Roman Polak              0  0  0   0  0   3  2  2  0  1  0/0    20:48   0:38   4:56 
Ryan Shannon             0  0  0  -1  0   3  2  0  0  0  0/0    13:48   0:55   0:00 
Shawn Belle              0  1  1   1  2   1  2  0  1  0  0/0    27:48   1:21   3:38 
Tyler Brenner            0  0  0  -1  0   4  0  1  1  0  8/17   16:33   0:55   2:37 

3 Stars

1 - Cody McLeod (Stf)
2 - Mikael Backlund (STB)
3 - Marc-André Gragnani (Stf)

Power Play

Rafales - 2 on 6 Attempt(s) - 33,33%
Atomiques - 0 on 1 Attempt(s) - 0,00%

Penalty Kill

Rafales - 1 on 1 Attempt(s) - 100,00% - Score 0 goal in Penalty Kill
Atomiques - 4 on 6 Attempt(s) - 66,67% - Score 0 goal in Penalty Kill

Team Stat

Rafales - Hits : 30 - Faceoff Wins : 33 - Blocked Shots : 19 - Penalty Minutes : 2
Atomiques - Hits : 29 - Faceoff Wins : 38 - Blocked Shots : 13 - Penalty Minutes : 12

Official

Referees : Rooney Chris and Kowal Tom
Linesman : Steve Barton and Lyle Seitz

Game Notes

Kyle Wharton is injured at 8:32 of 1st period (Strained Right Elbow)

Finance

Level 1 -- Attendance: 1545 (77,25%) -- Ticket Income 54 075 $
Level 2 -- Attendance: 764 (76,40%) -- Ticket Income 11 460 $
Total Attendance: 2309 (76,97%)
Total Ticket Income: 65 535 $
Other Income: 3 277 $
Total Income: 68 812 $

Rafales

5 vs 5 Forward 
   Center                   Left Wing                Right Wing               Time % Phy DF OF 
 1 Mike Zigomanis           Cody McLeod              Johan Ryno               40     0   3  2  
 2 Nathan Davis             Jeff Skinner             Milan Bartovic           30     0   3  2  
 3 Dan Fritsche             Mike Sislo               Tim Crowder              20     0   3  2  
 4 Kevin Veilleux           Michael Bournival        Jonathan Rheault         10     0   3  2  

5 vs 5 Defense 
   Defense                  Defense                                           Time % Phy DF OF 
 1 Julian Melchiori         Mark Fayne                                        40     0   4  1  
 2 Marc-André Gragnani      Willie Mitchell                                   30     0   4  1  
 3 Connor Murphy            Jonas Junland                                     20     0   4  1  
 4 Mark Fayne               Julian Melchiori                                  10     0   4  1  

PowerPlay Forward 
   Center                   Left Wing                Right Wing               Time % Phy DF OF 
 1 Mike Zigomanis           Cody McLeod              Tim Crowder              60     0   0  5  
 2 Nathan Davis             Jeff Skinner             Michael Bournival        40     0   0  5  

PowerPlay Defense
   Defense                  Defense                                           Time % Phy DF OF 
 1 Julian Melchiori         Mark Fayne                                        60     0   1  4  
 2 Marc-André Gragnani      Jonas Junland                                     40     0   1  4  

Penalty Kill 4 Players Forward 
   Center                   Wing                     Time % Phy DF OF 
 1 Cody McLeod              Mike Zigomanis           60     0   5  0  
 2 Dan Fritsche             Jeff Skinner             40     0   5  0  

Penalty Kill 4 Players Defense
   Defense                  Defense                  Time % Phy DF OF 
 1 Julian Melchiori         Willie Mitchell          60     0   5  0  
 2 Marc-André Gragnani      Mark Fayne               40     0   5  0  

Penalty Kill - 3 Players Forward 
   Forward                                           Time % Phy DF OF 
 1 Cody McLeod                                       60     0   5  0  
 2 Mike Zigomanis                                    40     0   5  0  

Penalty Kill - 3 Players Defense
   Defense                  Defense                  Time % Phy DF OF 
 1 Julian Melchiori         Willie Mitchell          60     0   5  0  
 2 Marc-André Gragnani      Mark Fayne               40     0   5  0  

4 vs 4 Forward 
   Center                   Wing                     Time % Phy DF OF 
 1 Cody McLeod              Mike Zigomanis           60     0   1  4  
 2 Nathan Davis             Jeff Skinner             40     0   1  4  

4 vs 4 Defense
   Defense                  Defense                  Time % Phy DF OF 
 1 Julian Melchiori         Mark Fayne               60     0   3  2  
 2 Marc-André Gragnani      Jonas Junland            40     0   3  2  

Last Minutes Offensive
   Center                   Left Wing                Right Wing               Defense                  Defense                  
   Mike Zigomanis           Cody McLeod              Jeff Skinner             Connor Murphy            Mark Fayne               

Last Minutes Defensive
   Center                   Left Wing                Right Wing               Defense                  Defense                  
   Mike Zigomanis           Cody McLeod              Michael Bournival        Jonas Junland            Willie Mitchell          

Goaltenders
Starting : John Gibson              
Backup : Philipp Grubauer         

Extra Forwards
Normal : Cody McLeod, Mike Zigomanis, Jeff Skinner - PP : Cody McLeod, Mike Zigomanis - PK : Michael Bournival
Extra Defensemen
Normal : Mark Fayne, Willie Mitchell, Julian Melchiori - PP : Mark Fayne - PK : Willie Mitchell, Julian Melchiori
Penalty Shots
Cody McLeod, Mike Zigomanis, Tim Crowder, Jeff Skinner, Nathan Davis

Atomiques

5 vs 5 Forward 
   Center                   Left Wing                Right Wing               Time % Phy DF OF 
 1 Mikael Backlund          Dwight King              Branko Radivojevic       40     1   2  2  
 2 Tyler Brenner            Kenndal McArdle          Ryan Shannon             30     1   2  2  
 3 Marc-André Cliche        Andrew Kozek             Alex Berry               20     1   2  2  
 4 Brett Sutter             John McCarthy            Bobby Farnham            10     1   2  2  

5 vs 5 Defense 
   Defense                  Defense                                           Time % Phy DF OF 
 1 Shawn Belle              Davis Drewiske                                    40     1   2  2  
 2 Kyle Wharton             Roman Polak                                       30     1   2  2  
 3 Colby Cohen              Dmitri Orlov                                      20     1   2  2  
 4 Shawn Belle              Davis Drewiske                                    10     1   2  2  

PowerPlay Forward 
   Center                   Left Wing                Right Wing               Time % Phy DF OF 
 1 Mikael Backlund          Dwight King              Branko Radivojevic       60     1   2  2  
 2 Tyler Brenner            Kenndal McArdle          Ryan Shannon             40     1   2  2  

PowerPlay Defense
   Defense                  Defense                                           Time % Phy DF OF 
 1 Shawn Belle              Davis Drewiske                                    60     1   2  2  
 2 Kyle Wharton             Roman Polak                                       40     1   2  2  

Penalty Kill 4 Players Forward 
   Center                   Wing                     Time % Phy DF OF 
 1 Branko Radivojevic       Mikael Backlund          60     1   2  2  
 2 Tyler Brenner            Dwight King              40     1   2  2  

Penalty Kill 4 Players Defense
   Defense                  Defense                  Time % Phy DF OF 
 1 Shawn Belle              Davis Drewiske           60     1   2  2  
 2 Kyle Wharton             Roman Polak              40     1   2  2  

Penalty Kill - 3 Players Forward 
   Forward                                           Time % Phy DF OF 
 1 Branko Radivojevic                                60     1   2  2  
 2 Mikael Backlund                                   40     1   2  2  

Penalty Kill - 3 Players Defense
   Defense                  Defense                  Time % Phy DF OF 
 1 Shawn Belle              Davis Drewiske           60     1   2  2  
 2 Kyle Wharton             Roman Polak              40     1   2  2  

4 vs 4 Forward 
   Center                   Wing                     Time % Phy DF OF 
 1 Branko Radivojevic       Mikael Backlund          60     1   2  2  
 2 Tyler Brenner            Dwight King              40     1   2  2  

4 vs 4 Defense
   Defense                  Defense                  Time % Phy DF OF 
 1 Shawn Belle              Davis Drewiske           60     1   2  2  
 2 Kyle Wharton             Roman Polak              40     1   2  2  

Last Minutes Offensive
   Center                   Left Wing                Right Wing               Defense                  Defense                  
   Mikael Backlund          Dwight King              Branko Radivojevic       Shawn Belle              Davis Drewiske           

Last Minutes Defensive
   Center                   Left Wing                Right Wing               Defense                  Defense                  
   Mikael Backlund          Dwight King              Branko Radivojevic       Shawn Belle              Davis Drewiske           

Goaltenders
Starting : Sergei Bobrovsky         
Backup : Jeremy Smith             

Extra Forwards
Normal : Marc-André Cliche, Andrew Kozek, Brett Sutter - PP : Marc-André Cliche, Andrew Kozek - PK : Brett Sutter
Extra Defensemen
Normal : Colby Cohen, Dmitri Orlov, Kyle Wharton - PP : Colby Cohen - PK : Dmitri Orlov, Kyle Wharton
Penalty Shots
Branko Radivojevic, Mikael Backlund, Tyler Brenner, Dwight King, Ryan Shannon

% Time on Ice - Rafales

Lines # - Real PCT - Wanted PCT - Time Play
Normal Forward
1 - 34% - 40% - 16:08
2 - 26% - 30% - 12:33
3 - 24% - 20% - 11:10
4 - 16% - 10% - 7:33
Normal Defense
1 - 41% - 40% - 19:33
2 - 33% - 30% - 15:49
3 - 21% - 20% - 10:10
4 - 4% - 10% - 1:52
PP Forward
1 - 52% - 60% - 5:01
2 - 48% - 40% - 4:40
PP Defense
1 - 71% - 60% - 6:53
2 - 29% - 40% - 2:48
PK Forward
1 - 85% - 60% - 1:41
2 - 15% - 40% - 0:18
PK Defense
1 - 63% - 60% - 1:15
2 - 37% - 40% - 0:44
PK3 Forward
1 - 0% - 60%
2 - 0% - 40%
PK3 Defense
1 - 0% - 60%
2 - 0% - 40%
44 Forward
1 - 0% - 60%
2 - 0% - 40%
44 Defense
1 - 0% - 60%
2 - 0% - 40%
Last Minute Offensive  - 0:00
Last Minute Defensive  - 0:56
Total
Forward - 60:00
Defense - 60:00

% Time on Ice - Atomiques

Lines # - Real PCT - Wanted PCT - Time Play
Normal Forward
1 - 34% - 40% - 16:36
2 - 27% - 30% - 13:01
3 - 26% - 20% - 12:40
4 - 13% - 10% - 6:03
Normal Defense
1 - 40% - 40% - 19:31
2 - 35% - 30% - 16:55
3 - 20% - 20% - 9:36
4 - 5% - 10% - 2:18
PP Forward
1 - 54% - 60% - 1:04
2 - 46% - 40% - 0:55
PP Defense
1 - 68% - 60% - 1:21
2 - 32% - 40% - 0:38
PK Forward
1 - 73% - 60% - 7:04
2 - 27% - 40% - 2:37
PK Defense
1 - 47% - 60% - 4:35
2 - 53% - 40% - 5:06
PK3 Forward
1 - 0% - 60%
2 - 0% - 40%
PK3 Defense
1 - 0% - 60%
2 - 0% - 40%
44 Forward
1 - 0% - 60%
2 - 0% - 40%
44 Defense
1 - 0% - 60%
2 - 0% - 40%
Last Minute Offensive  - 0:00
Last Minute Defensive  - 0:00
Total
Forward - 60:00
Defense - 60:00

Play by Play

1st period


0:01 of 1st period - Mikael Backlund wins face-off versus Cody McLeod in neutral zone.
0:26 of 1st period - Mark Fayne is hit by Ryan Shannon.
0:50 of 1st period - Snap shot by Andrew Kozek.
0:50 of 1st period - Shot Blocked by Mike Sislo.
0:52 of 1st period - Backhand shot by Kyle Wharton.
0:52 of 1st period - Stopped by John Gibson without a rebound.
0:53 of 1st period - Brett Sutter wins face-off versus Dan Fritsche in Rafales zone.
1:18 of 1st period - Willie Mitchell is hit by Marc-André Cliche and loses puck.
1:52 of 1st period - Kyle Wharton is hit by Tim Crowder and loses puck.
2:18 of 1st period - Marc-André Cliche is hit by Mike Sislo and loses puck.
2:27 of 1st period - Slapshot by Kyle Wharton.
2:27 of 1st period - Deflect By Mike Sislo.
2:27 of 1st period - Stopped by John Gibson with a rebound.
2:29 of 1st period - Slapshot by Kyle Wharton.
2:29 of 1st period - Shot Blocked by Mark Fayne.
3:01 of 1st period - Snap shot by Tim Crowder.
3:01 of 1st period - Shot Blocked by Marc-André Cliche.
3:17 of 1st period - Wrist shot by Marc-André Cliche.
3:17 of 1st period - Deflect By Mike Sislo.
3:17 of 1st period - Shot Blocked by Mark Fayne.
3:17 of 1st period - Puck is out of play.
3:18 of 1st period - Mikael Backlund wins face-off versus Mike Zigomanis in Rafales zone.
3:21 of 1st period - Snap shot by Mikael Backlund.
3:21 of 1st period - Deflect By Mike Zigomanis.
3:21 of 1st period - Shot Blocked by Cody McLeod.
3:21 of 1st period - Puck is out of play.
3:22 of 1st period - Mikael Backlund wins face-off versus Mike Zigomanis in Rafales zone.
3:23 of 1st period - Snap shot by Dwight King.
3:23 of 1st period - Shot Misses the Net.
3:29 of 1st period - Wrist shot by Johan Ryno.
3:29 of 1st period - Stopped by Sergei Bobrovsky without a rebound.
3:30 of 1st period - Mikael Backlund wins face-off versus Cody McLeod in Atomiques zone.
3:41 of 1st period - Snap shot by Mike Zigomanis.
3:41 of 1st period - Stopped by Sergei Bobrovsky without a rebound.
3:42 of 1st period - Tyler Brenner wins face-off versus Johan Ryno in Atomiques zone.
3:57 of 1st period - Julian Melchiori is hit by Davis Drewiske and loses puck.
4:29 of 1st period - Snap shot by Brett Sutter.
4:29 of 1st period - Shot Blocked by Mark Fayne.
4:31 of 1st period - Snap shot by John McCarthy.
4:31 of 1st period - Shot Blocked by Mark Fayne.
4:33 of 1st period - Snap shot by John McCarthy.
4:33 of 1st period - Shot Blocked by Kevin Veilleux.
6:32 of 1st period - Roman Polak is hit by Nathan Davis and loses puck.
7:01 of 1st period - Willie Mitchell is hit by Roman Polak and loses puck.
7:29 of 1st period - Julian Melchiori is hit by Kenndal McArdle and loses puck.
8:03 of 1st period - Alex Berry is hit by Dan Fritsche.
8:20 of 1st period - Mikael Backlund is hit by Cody McLeod and loses puck.
8:31 of 1st period - Kyle Wharton is hit by Milan Bartovic.
8:32 of 1st period - Kyle Wharton from Atomiques is injured at 8:32 of 1st period (Strained Right Elbow).
8:33 of 1st period - Mike Zigomanis wins face-off versus Mikael Backlund in Atomiques zone.
8:34 of 1st period - Snap shot by Cody McLeod.
8:34 of 1st period - Shot Misses the Net.
8:36 of 1st period - Wrist shot by Cody McLeod.
8:36 of 1st period - Shot Misses the Net.
8:38 of 1st period - Slapshot by Mike Zigomanis.
8:38 of 1st period - Stopped by Sergei Bobrovsky with a rebound.
8:40 of 1st period - Slapshot by Mark Fayne.
8:40 of 1st period - Shot Blocked by Davis Drewiske.
8:42 of 1st period - Wrist shot by Mike Zigomanis.
8:42 of 1st period - Shot Blocked by Davis Drewiske.
8:44 of 1st period - Slapshot by Mark Fayne.
8:44 of 1st period - Stopped by Sergei Bobrovsky with a rebound.
8:46 of 1st period - Slapshot by Julian Melchiori.
8:46 of 1st period - Shot Misses the Net.
8:48 of 1st period - Snap shot by Johan Ryno.
8:48 of 1st period - Stopped by Sergei Bobrovsky without a rebound.
8:49 of 1st period - Nathan Davis wins face-off versus Tyler Brenner in Atomiques zone.
8:58 of 1st period - Shawn Belle is hit by Willie Mitchell and loses puck.
9:15 of 1st period - Shawn Belle is hit by Willie Mitchell.
9:23 of 1st period - Wrist shot by Ryan Shannon.
9:23 of 1st period - Stopped by John Gibson without a rebound.
9:24 of 1st period - Mikael Backlund wins face-off versus Mike Zigomanis in Rafales zone.
9:49 of 1st period - Jeff Skinner is hit by Bobby Farnham and loses puck.
9:54 of 1st period - Slapshot by Brett Sutter.
9:54 of 1st period - Stopped by John Gibson with a rebound.
10:16 of 1st period - Snap shot by Jonathan Rheault.
10:16 of 1st period - Stopped by Sergei Bobrovsky with a rebound.
10:19 of 1st period - Icing by Davis Drewiske.
10:20 of 1st period - Mike Zigomanis wins face-off versus Marc-André Cliche in Atomiques zone.
11:36 of 1st period - Snap shot by Cody McLeod.
11:36 of 1st period - Shot Misses the Net.
12:12 of 1st period - Wrist shot by Milan Bartovic.
12:12 of 1st period - Shot Blocked by Colby Cohen.
12:31 of 1st period - Kevin Veilleux is hit by Marc-André Cliche and loses puck.
12:36 of 1st period - Snap shot by Alex Berry.
12:36 of 1st period - Shot Misses the Net.
12:46 of 1st period - Jonas Junland is hit by Bobby Farnham and loses puck.
12:55 of 1st period - Snap shot by John McCarthy.
12:55 of 1st period - Shot Misses the Net.
13:19 of 1st period - Johan Ryno is hit by Dwight King and loses puck.
14:06 of 1st period - Mark Fayne is hit by Andrew Kozek and loses puck.
14:23 of 1st period - Wrist shot by Jonathan Rheault.
14:23 of 1st period - Deflect By Marc-André Cliche.
14:23 of 1st period - Stopped by Sergei Bobrovsky without a rebound.
14:24 of 1st period - Mikael Backlund wins face-off versus Kevin Veilleux in Atomiques zone.
14:24 of 1st period - Mikael Backlund is hit by Jonathan Rheault.
14:34 of 1st period - Snap shot by Kevin Veilleux.
14:34 of 1st period - Stopped by Sergei Bobrovsky without a rebound.
14:35 of 1st period - Mikael Backlund wins face-off versus Mike Zigomanis in Atomiques zone.
14:46 of 1st period - Snap shot by Cody McLeod.
14:46 of 1st period - Shot Blocked by Davis Drewiske.
14:48 of 1st period - Snap shot by Mike Zigomanis.
14:48 of 1st period - Deflect By Johan Ryno.
14:48 of 1st period - Stopped by Sergei Bobrovsky with a rebound.
14:56 of 1st period - Minor Penalty to Mikael Backlund for Tripping.
14:57 of 1st period - Mike Zigomanis wins face-off versus Branko Radivojevic in Atomiques zone.
16:56 of 1st period - Penalty to Mikael Backlund is over, Mikael Backlund is back on ice.
16:57 of 1st period - Mikael Backlund is hit by Mark Fayne and loses puck.
18:05 of 1st period - Brett Sutter is hit by Cody McLeod and loses puck.
18:20 of 1st period - Colby Cohen is hit by Willie Mitchell and loses puck.
18:33 of 1st period - Ryan Shannon is hit by Milan Bartovic.
18:34 of 1st period - Icing by Ryan Shannon.
18:35 of 1st period - Nathan Davis wins face-off versus Tyler Brenner in Atomiques zone.
18:38 of 1st period - Wrist shot by Nathan Davis.
18:38 of 1st period - Shot Misses the Net.
18:40 of 1st period - Slapshot by Mark Fayne.
18:40 of 1st period - Shot Misses the Net.
18:42 of 1st period - Wrist shot by Nathan Davis.
18:42 of 1st period - Shot Misses the Net.
18:44 of 1st period - Wrist shot by Jeff Skinner.
18:44 of 1st period - Shot Blocked by Tyler Brenner.
18:59 of 1st period - Dmitri Orlov is hit by Tim Crowder and loses puck.
19:19 of 1st period - Michael Bournival is hit by Bobby Farnham and loses puck.
Goals for this period are 0 for Rafales vs 0 for Atomiques.
Shots for this period are 9 for Rafales vs 4 for Atomiques.

2nd period


0:01 of 2nd period - Mike Zigomanis wins face-off versus Mikael Backlund in neutral zone.
0:04 of 2nd period - Shawn Belle is hit by Cody McLeod and loses puck.
0:15 of 2nd period - Snap shot by Mikael Backlund.
0:15 of 2nd period - Goal by Mikael Backlund - Rafales : 0 - Atomiques : 1.
0:16 of 2nd period - Mikael Backlund wins face-off versus Mike Zigomanis in neutral zone.
0:19 of 2nd period - Slapshot by Dwight King.
0:19 of 2nd period - Stopped by John Gibson without a rebound.
0:20 of 2nd period - Mikael Backlund wins face-off versus Mike Zigomanis in Rafales zone.
0:26 of 2nd period - Icing by Johan Ryno.
0:27 of 2nd period - Mikael Backlund wins face-off versus Cody McLeod in Rafales zone.
0:34 of 2nd period - Slapshot by Mark Fayne.
0:34 of 2nd period - Shot Misses the Net.
1:23 of 2nd period - Slapshot by Ryan Shannon.
1:23 of 2nd period - Shot Misses the Net.
1:32 of 2nd period - Off-side.
1:33 of 2nd period - Marc-André Cliche wins face-off versus Dan Fritsche in neutral zone.
1:40 of 2nd period - Snap shot by Marc-André Cliche.
1:40 of 2nd period - Shot Blocked by Mark Fayne.
1:42 of 2nd period - Backhand shot by Andrew Kozek.
1:42 of 2nd period - Stopped by John Gibson with a rebound.
1:44 of 2nd period - Wrist shot by Marc-André Cliche.
1:44 of 2nd period - Deflect By Alex Berry.
1:44 of 2nd period - Shot Blocked by Mike Sislo.
1:44 of 2nd period - Puck is out of play.
1:45 of 2nd period - Nathan Davis wins face-off versus Branko Radivojevic in Rafales zone.
1:45 of 2nd period - Nathan Davis is hit by Shawn Belle.
1:48 of 2nd period - Minor Penalty to Milan Bartovic for Roughing.
1:49 of 2nd period - Cody McLeod wins face-off versus Mikael Backlund in Rafales zone.
2:01 of 2nd period - Wrist shot by Branko Radivojevic.
2:01 of 2nd period - Shot Misses the Net.
2:03 of 2nd period - Wrist shot by Dwight King.
2:03 of 2nd period - Stopped by John Gibson with a rebound.
2:05 of 2nd period - Slapshot by Davis Drewiske.
2:05 of 2nd period - Deflect By Mike Zigomanis.
2:05 of 2nd period - Stopped by John Gibson with a rebound.
2:15 of 2nd period - Julian Melchiori is hit by Ryan Shannon and loses puck.
3:48 of 2nd period - Penalty to Milan Bartovic is over, Milan Bartovic is back on ice.
3:56 of 2nd period - Off-side.
3:57 of 2nd period - Kevin Veilleux wins face-off versus Marc-André Cliche in neutral zone.
4:26 of 2nd period - Snap shot by Jonathan Rheault.
4:26 of 2nd period - Deflect By Michael Bournival.
4:26 of 2nd period - Shot Blocked by Roman Polak.
4:26 of 2nd period - Puck is out of play.
4:27 of 2nd period - Mike Zigomanis wins face-off versus Mikael Backlund in Atomiques zone.
4:49 of 2nd period - Icing by Julian Melchiori.
4:50 of 2nd period - Tyler Brenner wins face-off versus Nathan Davis in Rafales zone.
4:53 of 2nd period - Wrist shot by Ryan Shannon.
4:53 of 2nd period - Shot Blocked by Julian Melchiori.
4:55 of 2nd period - Slapshot by Tyler Brenner.
4:55 of 2nd period - Stopped by John Gibson with a rebound.
4:57 of 2nd period - Wrist shot by Kenndal McArdle.
4:57 of 2nd period - Shot Misses the Net.
4:59 of 2nd period - Snap shot by Ryan Shannon.
4:59 of 2nd period - Deflect By Tyler Brenner.
4:59 of 2nd period - Stopped by John Gibson without a rebound.
5:00 of 2nd period - Mike Zigomanis wins face-off versus Mikael Backlund in Rafales zone.
5:06 of 2nd period - Off-side.
5:07 of 2nd period - Mike Zigomanis wins face-off versus Dwight King in neutral zone.
5:38 of 2nd period - Snap shot by Milan Bartovic.
5:38 of 2nd period - Stopped by Sergei Bobrovsky without a rebound.
5:39 of 2nd period - Nathan Davis wins face-off versus Tyler Brenner in Atomiques zone.
5:40 of 2nd period - Backhand shot by Milan Bartovic.
5:40 of 2nd period - Stopped by Sergei Bobrovsky with a rebound.
5:52 of 2nd period - Wrist shot by Tyler Brenner.
5:52 of 2nd period - Stopped by John Gibson with a rebound.
6:09 of 2nd period - Johan Ryno is hit by Dwight King and loses puck.
6:35 of 2nd period - Wrist shot by Dan Fritsche.
6:35 of 2nd period - Stopped by Sergei Bobrovsky without a rebound.
6:36 of 2nd period - Tyler Brenner wins face-off versus Dan Fritsche in Atomiques zone.
7:02 of 2nd period - Slapshot by Mike Sislo.
7:02 of 2nd period - Shot Misses the Net.
7:22 of 2nd period - Davis Drewiske is hit by Cody McLeod and loses puck.
7:31 of 2nd period - Snap shot by Alex Berry.
7:31 of 2nd period - Shot Blocked by Mike Zigomanis.
7:43 of 2nd period - Snap shot by Cody McLeod.
7:43 of 2nd period - Stopped by Sergei Bobrovsky with a rebound.
8:00 of 2nd period - Snap shot by Jeff Skinner.
8:00 of 2nd period - Shot Misses the Net.
8:23 of 2nd period - Snap shot by Kenndal McArdle.
8:23 of 2nd period - Deflect By Tyler Brenner.
8:23 of 2nd period - Deflect By Johan Ryno.
8:23 of 2nd period - Shot Blocked by Marc-André Gragnani.
8:23 of 2nd period - Puck is out of play.
8:24 of 2nd period - Mike Zigomanis wins face-off versus Mikael Backlund in Rafales zone.
8:24 of 2nd period - Mike Zigomanis is hit by Branko Radivojevic.
8:31 of 2nd period - Mark Fayne is hit by Dmitri Orlov and loses puck.
8:34 of 2nd period - Minor Penalty to Dwight King for Holding.
8:35 of 2nd period - Branko Radivojevic wins face-off versus Mike Zigomanis in Atomiques zone.
8:48 of 2nd period - Wrist shot by Mikael Backlund.
8:48 of 2nd period - Stopped by John Gibson without a rebound.
8:49 of 2nd period - Branko Radivojevic wins face-off versus Mike Zigomanis in Rafales zone.
8:56 of 2nd period - Snap shot by Mikael Backlund.
8:56 of 2nd period - Shot Misses the Net.
9:05 of 2nd period - Off-side.
9:06 of 2nd period - Branko Radivojevic wins face-off versus Nathan Davis in neutral zone.
10:34 of 2nd period - Penalty to Dwight King is over, Dwight King is back on ice.
10:42 of 2nd period - Backhand shot by Andrew Kozek.
10:42 of 2nd period - Goal by Andrew Kozek - Rafales : 0 - Atomiques : 2.
10:43 of 2nd period - Mike Zigomanis wins face-off versus Kenndal McArdle in neutral zone.
10:46 of 2nd period - Snap shot by Marc-André Gragnani.
10:46 of 2nd period - Deflect By Johan Ryno.
10:46 of 2nd period - Stopped by Sergei Bobrovsky without a rebound.
10:47 of 2nd period - Mike Zigomanis wins face-off versus Tyler Brenner in Atomiques zone.
10:56 of 2nd period - Snap shot by Johan Ryno.
10:56 of 2nd period - Deflect By Cody McLeod.
10:56 of 2nd period - Shot Misses the Net.
10:56 of 2nd period - Puck is out of play.
10:57 of 2nd period - Branko Radivojevic wins face-off versus Mike Zigomanis in Atomiques zone.
10:57 of 2nd period - Branko Radivojevic is hit by Johan Ryno.
11:11 of 2nd period - Snap shot by Mikael Backlund.
11:11 of 2nd period - Stopped by John Gibson with a rebound.
11:23 of 2nd period - Tyler Brenner is hit by Nathan Davis and loses puck.
11:32 of 2nd period - Snap shot by Nathan Davis.
11:32 of 2nd period - Shot Misses the Net.
11:50 of 2nd period - Wrist shot by Mike Sislo.
11:50 of 2nd period - Shot Misses the Net.
11:52 of 2nd period - Wrist shot by Mike Sislo.
11:52 of 2nd period - Goal by Mike Sislo - Rafales : 1 - Atomiques : 2.
11:53 of 2nd period - Mikael Backlund wins face-off versus Mike Zigomanis in neutral zone.
12:18 of 2nd period - Shawn Belle is hit by Nathan Davis and loses puck.
12:27 of 2nd period - Snap shot by Milan Bartovic.
12:27 of 2nd period - Shot Misses the Net.
12:29 of 2nd period - Wrist shot by Marc-André Gragnani.
12:29 of 2nd period - Shot Blocked by Davis Drewiske.
12:43 of 2nd period - Marc-André Gragnani is hit by Andrew Kozek and loses puck.
13:22 of 2nd period - Cody McLeod is hit by Branko Radivojevic and loses puck.
14:30 of 2nd period - Off-side.
14:31 of 2nd period - Mike Zigomanis wins face-off versus Mikael Backlund in neutral zone.
14:37 of 2nd period - Minor Penalty to Dmitri Orlov for Interference.
14:38 of 2nd period - Tim Crowder wins face-off versus Branko Radivojevic in Atomiques zone.
15:47 of 2nd period - Slapshot by Nathan Davis.
15:47 of 2nd period - Goal by Nathan Davis - Rafales : 2 - Atomiques : 2.
15:48 of 2nd period - Mike Zigomanis wins face-off versus Tyler Brenner in neutral zone.
15:51 of 2nd period - Snap shot by Cody McLeod.
15:51 of 2nd period - Goal by Cody McLeod - Rafales : 3 - Atomiques : 2.
15:52 of 2nd period - Johan Ryno wins face-off versus Branko Radivojevic in neutral zone.
15:59 of 2nd period - Wrist shot by Mikael Backlund.
15:59 of 2nd period - Shot Misses the Net.
16:01 of 2nd period - Snap shot by Mikael Backlund.
16:01 of 2nd period - Shot Misses the Net.
16:19 of 2nd period - Tyler Brenner is hit by Jeff Skinner.
16:45 of 2nd period - Wrist shot by Brett Sutter.
16:45 of 2nd period - Shot Hit the Post.
16:47 of 2nd period - Wrist shot by Dmitri Orlov.
16:47 of 2nd period - Goal by Dmitri Orlov - Rafales : 3 - Atomiques : 3.
16:48 of 2nd period - Mikael Backlund wins face-off versus Mike Zigomanis in neutral zone.
17:01 of 2nd period - Slapshot by Mikael Backlund.
17:01 of 2nd period - Stopped by John Gibson without a rebound.
17:02 of 2nd period - Nathan Davis wins face-off versus Mikael Backlund in Rafales zone.
17:15 of 2nd period - Snap shot by Nathan Davis.
17:15 of 2nd period - Shot Misses the Net.
17:17 of 2nd period - Backhand shot by Mark Fayne.
17:17 of 2nd period - Stopped by Sergei Bobrovsky without a rebound.
17:18 of 2nd period - Johan Ryno wins face-off versus Tyler Brenner in Atomiques zone.
18:06 of 2nd period - Slapshot by Marc-André Gragnani.
18:06 of 2nd period - Shot Blocked by Dmitri Orlov.
18:08 of 2nd period - Wrist shot by Mike Sislo.
18:08 of 2nd period - Stopped by Sergei Bobrovsky with a rebound.
18:10 of 2nd period - Snap shot by Dan Fritsche.
18:10 of 2nd period - Stopped by Sergei Bobrovsky without a rebound.
18:11 of 2nd period - Tyler Brenner wins face-off versus Dan Fritsche in Atomiques zone.
18:34 of 2nd period - Wrist shot by Mike Sislo.
18:34 of 2nd period - Stopped by Sergei Bobrovsky without a rebound.
18:35 of 2nd period - Mike Zigomanis wins face-off versus Mikael Backlund in Atomiques zone.
19:42 of 2nd period - Davis Drewiske is hit by Jonathan Rheault and loses puck.
19:49 of 2nd period - Jonathan Rheault is hit by Brett Sutter.
Goals for this period are 3 for Rafales vs 3 for Atomiques.
Shots for this period are 12 for Rafales vs 13 for Atomiques.

3rd period


0:01 of 3rd period - Mikael Backlund wins face-off versus Mike Zigomanis in neutral zone.
0:07 of 3rd period - Branko Radivojevic is hit by Julian Melchiori and loses puck.
0:31 of 3rd period - Willie Mitchell is hit by Davis Drewiske and loses puck.
0:50 of 3rd period - Andrew Kozek is hit by Dan Fritsche and loses puck.
1:17 of 3rd period - Jonathan Rheault is hit by Bobby Farnham and loses puck.
1:28 of 3rd period - Jonathan Rheault is hit by Mikael Backlund and loses puck.
1:39 of 3rd period - Slapshot by Mark Fayne.
1:39 of 3rd period - Stopped by Sergei Bobrovsky without a rebound.
1:40 of 3rd period - Tyler Brenner wins face-off versus Mike Zigomanis in Atomiques zone.
1:53 of 3rd period - Snap shot by Tyler Brenner.
1:53 of 3rd period - Shot Blocked by Johan Ryno.
1:55 of 3rd period - Slapshot by Davis Drewiske.
1:55 of 3rd period - Stopped by John Gibson without a rebound.
1:56 of 3rd period - Nathan Davis wins face-off versus Mikael Backlund in Rafales zone.
2:02 of 3rd period - Slapshot by Mark Fayne.
2:02 of 3rd period - Shot Misses the Net.
2:04 of 3rd period - Wrist shot by Julian Melchiori.
2:04 of 3rd period - Stopped by Sergei Bobrovsky with a rebound.
2:06 of 3rd period - Slapshot by Mark Fayne.
2:06 of 3rd period - Deflect By Dwight King.
2:06 of 3rd period - Stopped by Sergei Bobrovsky with a rebound.
2:08 of 3rd period - Slapshot by Milan Bartovic.
2:08 of 3rd period - Shot Misses the Net.
2:10 of 3rd period - Snap shot by Nathan Davis.
2:10 of 3rd period - Deflect By Milan Bartovic.
2:10 of 3rd period - Stopped by Sergei Bobrovsky without a rebound.
2:11 of 3rd period - Mike Zigomanis wins face-off versus Tyler Brenner in Atomiques zone.
2:36 of 3rd period - Julian Melchiori is hit by Branko Radivojevic and loses puck.
3:20 of 3rd period - Minor Penalty to Colby Cohen for Kneeing.
3:21 of 3rd period - Branko Radivojevic wins face-off versus Mike Zigomanis in Atomiques zone.
3:21 of 3rd period - Branko Radivojevic is hit by Tim Crowder.
3:52 of 3rd period - Icing by Mark Fayne.
3:53 of 3rd period - Tyler Brenner wins face-off versus Nathan Davis in Rafales zone.
4:02 of 3rd period - Slapshot by Tyler Brenner.
4:02 of 3rd period - Stopped by John Gibson with a rebound.
4:08 of 3rd period - Shawn Belle is hit by Nathan Davis and loses puck.
4:13 of 3rd period - Slapshot by Nathan Davis.
4:13 of 3rd period - Deflect By Michael Bournival.
4:13 of 3rd period - Stopped by Sergei Bobrovsky with a rebound.
4:15 of 3rd period - Slapshot by Julian Melchiori.
4:15 of 3rd period - Deflect By Nathan Davis.
4:15 of 3rd period - Stopped by Sergei Bobrovsky without a rebound.
4:16 of 3rd period - Branko Radivojevic wins face-off versus Mike Zigomanis in Atomiques zone.
5:20 of 3rd period - Penalty to Colby Cohen is over, Colby Cohen is back on ice.
5:25 of 3rd period - Wrist shot by Mikael Backlund.
5:25 of 3rd period - Stopped by John Gibson without a rebound.
5:26 of 3rd period - Marc-André Cliche wins face-off versus Dan Fritsche in Rafales zone.
5:39 of 3rd period - Wrist shot by Andrew Kozek.
5:39 of 3rd period - Shot Blocked by Willie Mitchell.
5:41 of 3rd period - Snap shot by Davis Drewiske.
5:41 of 3rd period - Shot Blocked by Mike Sislo.
5:58 of 3rd period - Snap shot by Ryan Shannon.
5:58 of 3rd period - Shot Misses the Net.
6:00 of 3rd period - Snap shot by Kenndal McArdle.
6:00 of 3rd period - Deflect By Tyler Brenner.
6:00 of 3rd period - Shot Blocked by Willie Mitchell.
6:00 of 3rd period - Puck is out of play.
6:01 of 3rd period - Mike Zigomanis wins face-off versus Mikael Backlund in Rafales zone.
6:34 of 3rd period - Wrist shot by Ryan Shannon.
6:34 of 3rd period - Stopped by John Gibson without a rebound.
6:35 of 3rd period - Tyler Brenner wins face-off versus Nathan Davis in Rafales zone.
7:08 of 3rd period - Backhand shot by Dwight King.
7:08 of 3rd period - Shot Misses the Net.
8:08 of 3rd period - Kenndal McArdle is hit by Michael Bournival and loses puck.
8:19 of 3rd period - Wrist shot by Michael Bournival.
8:19 of 3rd period - Stopped by Sergei Bobrovsky with a rebound.
8:21 of 3rd period - Snap shot by Marc-André Gragnani.
8:21 of 3rd period - Shot Blocked by Roman Polak.
8:56 of 3rd period - Tim Crowder is hit by Marc-André Cliche and loses puck.
9:01 of 3rd period - Backhand shot by Andrew Kozek.
9:01 of 3rd period - Stopped by John Gibson without a rebound.
9:02 of 3rd period - Tyler Brenner wins face-off versus Nathan Davis in Rafales zone.
9:03 of 3rd period - Snap shot by Ryan Shannon.
9:03 of 3rd period - Stopped by John Gibson without a rebound.
9:04 of 3rd period - Nathan Davis wins face-off versus Tyler Brenner in Rafales zone.
9:59 of 3rd period - Snap shot by Johan Ryno.
9:59 of 3rd period - Goal by Johan Ryno - Rafales : 4 - Atomiques : 3.
10:00 of 3rd period - Mikael Backlund wins face-off versus Johan Ryno in neutral zone.
10:04 of 3rd period - Minor Penalty to Shawn Belle for Holding.
10:05 of 3rd period - Mike Zigomanis wins face-off versus Branko Radivojevic in Atomiques zone.
10:16 of 3rd period - Slapshot by Branko Radivojevic.
10:16 of 3rd period - Shot Misses the Net.
10:38 of 3rd period - Slapshot by Nathan Davis.
10:38 of 3rd period - Stopped by Sergei Bobrovsky with a rebound.
10:40 of 3rd period - Snap shot by Michael Bournival.
10:40 of 3rd period - Deflect By Nathan Davis.
10:40 of 3rd period - Shot Blocked by Davis Drewiske.
10:40 of 3rd period - Puck is out of play.
10:41 of 3rd period - Branko Radivojevic wins face-off versus Nathan Davis in Atomiques zone.
10:49 of 3rd period - Snap shot by Michael Bournival.
10:49 of 3rd period - Deflect By Jeff Skinner.
10:49 of 3rd period - Stopped by Sergei Bobrovsky with a rebound.
10:51 of 3rd period - Slapshot by Marc-André Gragnani.
10:51 of 3rd period - Deflect By Nathan Davis.
10:51 of 3rd period - Shot Misses the Net.
10:51 of 3rd period - Puck is out of play.
10:52 of 3rd period - Tim Crowder wins face-off versus Branko Radivojevic in Atomiques zone.
10:57 of 3rd period - Snap shot by Mike Zigomanis.
10:57 of 3rd period - Shot Blocked by Mikael Backlund.
11:03 of 3rd period - Mike Zigomanis is hit by Davis Drewiske and loses puck.
11:22 of 3rd period - Snap shot by Michael Bournival.
11:22 of 3rd period - Stopped by Sergei Bobrovsky with a rebound.
11:24 of 3rd period - Slapshot by Mark Fayne.
11:24 of 3rd period - Deflect By Michael Bournival.
11:24 of 3rd period - Shot Blocked by Davis Drewiske.
11:24 of 3rd period - Puck is out of play.
11:25 of 3rd period - Mikael Backlund wins face-off versus Nathan Davis in Atomiques zone.
11:30 of 3rd period - Jeff Skinner is hit by Roman Polak and loses puck.
12:04 of 3rd period - Penalty to Shawn Belle is over, Shawn Belle is back on ice.
12:11 of 3rd period - Davis Drewiske is hit by Mark Fayne and loses puck.
12:16 of 3rd period - Wrist shot by Michael Bournival.
12:16 of 3rd period - Shot Misses the Net.
12:38 of 3rd period - Wrist shot by Mikael Backlund.
12:38 of 3rd period - Shot Misses the Net.
13:04 of 3rd period - Slapshot by Dmitri Orlov.
13:04 of 3rd period - Shot Blocked by Marc-André Gragnani.
13:06 of 3rd period - Snap shot by Kenndal McArdle.
13:06 of 3rd period - Shot Blocked by Willie Mitchell.
13:08 of 3rd period - Slapshot by Davis Drewiske.
13:08 of 3rd period - Deflect By Tyler Brenner.
13:08 of 3rd period - Shot Blocked by Willie Mitchell.
13:08 of 3rd period - Puck is out of play.
13:09 of 3rd period - Nathan Davis wins face-off versus Marc-André Cliche in Rafales zone.
13:20 of 3rd period - Icing by Colby Cohen.
13:21 of 3rd period - Marc-André Cliche wins face-off versus Mike Zigomanis in Atomiques zone.
13:28 of 3rd period - Slapshot by Roman Polak.
13:28 of 3rd period - Stopped by John Gibson with a rebound.
13:30 of 3rd period - Slapshot by Colby Cohen.
13:30 of 3rd period - Stopped by John Gibson with a rebound.
13:32 of 3rd period - Slapshot by Colby Cohen.
13:32 of 3rd period - Shot Misses the Net.
13:34 of 3rd period - Slapshot by Alex Berry.
13:34 of 3rd period - Shot Misses the Net.
13:36 of 3rd period - Snap shot by Roman Polak.
13:36 of 3rd period - Stopped by John Gibson with a rebound.
13:38 of 3rd period - Slapshot by Roman Polak.
13:38 of 3rd period - Stopped by John Gibson with a rebound.
13:40 of 3rd period - Slapshot by Colby Cohen.
13:40 of 3rd period - Deflect By Marc-André Cliche.
13:40 of 3rd period - Shot Misses the Net.
13:40 of 3rd period - Puck is out of play.
13:41 of 3rd period - Nathan Davis wins face-off versus Tyler Brenner in Rafales zone.
14:29 of 3rd period - Julian Melchiori is hit by Branko Radivojevic and loses puck.
14:34 of 3rd period - Wrist shot by Mikael Backlund.
14:34 of 3rd period - Goal by Mikael Backlund - Rafales : 4 - Atomiques : 4.
14:35 of 3rd period - Mikael Backlund wins face-off versus Mike Zigomanis in neutral zone.
15:12 of 3rd period - Slapshot by Shawn Belle.
15:12 of 3rd period - Stopped by John Gibson without a rebound.
15:13 of 3rd period - Marc-André Cliche wins face-off versus Dan Fritsche in Rafales zone.
15:51 of 3rd period - Snap shot by Dwight King.
15:51 of 3rd period - Stopped by John Gibson without a rebound.
15:52 of 3rd period - Johan Ryno wins face-off versus Mikael Backlund in Rafales zone.
16:03 of 3rd period - Cody McLeod is hit by Shawn Belle.
16:07 of 3rd period - Johan Ryno is hit by Mikael Backlund and loses puck.
16:19 of 3rd period - Minor Penalty to Andrew Kozek for Hooking.
16:20 of 3rd period - Branko Radivojevic wins face-off versus Mike Zigomanis in Atomiques zone.
16:54 of 3rd period - Slapshot by Marc-André Gragnani.
16:54 of 3rd period - Goal by Marc-André Gragnani - Rafales : 5 - Atomiques : 4.
16:55 of 3rd period - Dan Fritsche wins face-off versus Mikael Backlund in neutral zone.
18:29 of 3rd period - Dwight King is hit by Jonas Junland and loses puck.
18:40 of 3rd period - Snap shot by Cody McLeod.
18:40 of 3rd period - Stopped by Sergei Bobrovsky without a rebound.
18:41 of 3rd period - Marc-André Cliche wins face-off versus Mike Zigomanis in Atomiques zone.
19:10 of 3rd period - Alex Berry is hit by Michael Bournival and loses puck.
19:33 of 3rd period - Atomiques, Sergei Bobrovsky is pulled from the net.
19:41 of 3rd period - Andrew Kozek is hit by Cody McLeod and loses puck.
19:48 of 3rd period - Slapshot by Roman Polak.
19:48 of 3rd period - Shot Misses the Net.
19:58 of 3rd period - Wrist shot by Marc-André Cliche.
19:58 of 3rd period - Stopped by John Gibson with a rebound.
Goals for this period are 2 for Rafales vs 1 for Atomiques.
Shots for this period are 13 for Rafales vs 14 for Atomiques.